 Dungeon Crawl Stone Soup version 0.20.1-1-g8b1a95d (webtiles) character file.

490 Knicklaso the Ruffian (level 6, 0/59 HPs)
             Began as a Troll Monk on July 19, 2017.
             Succumbed to Edmund's poison
             ... on level 5 of the Dungeon.
             The game lasted 00:05:17 (2841 turns).

Knicklaso the Ruffian (Troll Monk)                  Turns: 2841, Time: 00:05:17

Health: 0/59       AC:  0    Str: 21    XL:     6   Next: 90%
Magic:  5/5        EV: 20    Int:  6    God:
Gold:   212        SH:  0    Dex: 18    Spells: 5/5 levels left

rFire    . . .     SeeInvis .     - Unarmed
rCold    . . .     Gourm    +   (shield currently unavailable)
rNeg     . . .     Faith    .   (armour currently unavailable)
rPois    .         Spirit   .   (helmet currently unavailable)
rElec    .         Reflect  .   (cloak currently unavailable)
rCorr    .         Harm     .   (gloves unavailable)
MR       .....                  (boots unavailable)
Stlth    ++........             (no amulet)
Regen    0.6/turn               (ring currently unavailable)
MPRegen  0.1/turn               (ring currently unavailable)

@: lethally poisoned (0 -> -20), bat-form, flying, very quick
A: unfitting armour, fast metabolism 3, gourmand, regeneration 1
a: no special abilities


You were on level 5 of the Dungeon.
You were very hungry.
You were in bat-form.
You visited 1 branch of the dungeon, and saw 5 of its levels.

You collected 212 gold pieces.

Inventory:

Armour
 a - a +0 robe (melded)
Jewellery
 p - an uncursed ring of positive energy {unknown}
 s - an uncursed ring of resist corrosion {unknown}
 t - an uncursed amulet of rage {unknown}
Scrolls
 f - a scroll of blinking {unknown}
 g - 2 scrolls of amnesia {unknown}
 h - a scroll of fog {unknown}
 i - 2 scrolls of noise {unknown}
 k - 5 scrolls of identify {unknown}
 l - a scroll of remove curse {unknown}
 o - 2 scrolls of teleportation {unknown}
 v - a scroll of enchant weapon {unknown}
Potions
 c - 2 potions of might {unknown}
 e - 2 potions of lignification {unknown}
 m - 2 potions of degeneration {unknown}
 n - a potion of curing {unknown}
 q - a potion of magic {unknown}
 u - 2 potions of agility {unknown}
Books
 r - a book of Cantrips

   Spells                             Type                      Level
   a - Confusing Touch                Hexes                        1
   b - Animate Skeleton               Necromancy                   1
   c - Summon Small Mammal            Summoning                    1
   d - Apportation                    Translocation                1
Comestibles
 b - 2 bread rations
 d - 2 meat rations


   Skills:
 - Level 2.4 Fighting
 - Level 2.4 Dodging
 - Level 1.0 Stealth
 + Level 7.9 Unarmed Combat


You had 5 spell levels left.
You didn't know any spells.

Dungeon Overview and Level Annotations

Branches:
Dungeon (5/15)
 Temple: D:4-7

Altars:

Annotations:
D:5 Edmund


Innate Abilities, Weirdness & Mutations

You are too large for most types of armour.
((You have claws for hands.))
Your metabolism is lightning-fast.
You like to eat raw meat.
Your natural rate of healing is unusually fast.
((You are covered in fur. (AC +1)))
((You have very tough skin. (AC +2)))


Message History

You feel sick.
Edmund zaps a wand.
You resist with some effort.
You hit Edmund but do no damage.
Edmund is heavily wounded.
You feel sick. Edmund closely misses you.
You barely miss Edmund.
Edmund is heavily wounded.
You feel sick.
You hit Edmund but do no damage.
Edmund is heavily wounded.
You feel sick. Edmund hits you with a flail of venom.
* * * LOW HITPOINT WARNING * * *
You are lethally poisoned!
You hit Edmund.
Edmund is heavily wounded.
* * * LOW HITPOINT WARNING * * *
You feel sick. Edmund hits you with a flail of venom!
* * * LOW HITPOINT WARNING * * *
You hit Edmund.
Edmund is severely wounded.
You die...

#####
.#.#
..#
#.#
#@#
#b#
###


You could see Edmund.

Vanquished Creatures
  A centaur (D:3)
  A howler monkey (D:4)
  A hound (D:4)
  An orc priest (D:4)
  Crazy Yiuf (D:2)
  An iguana (D:4)
  2 orc wizards (D:4)
  A worker ant (D:4)
  8 gnolls
  An adder (D:2)
  A worm (D:2)
  2 dart slugs (D:1)
  2 leopard geckos (D:2)
  13 orcs
  3 ball pythons
  7 bats
  2 giant cockroaches
  9 goblins
  3 hobgoblins (D:1)
  A quokka (D:2)
  2 frilled lizards (D:2)
  4 rats
67 creatures vanquished.

Vanquished Creatures (others)
  An orc wizard (D:4)
1 creature vanquished.

Grand Total: 68 creatures vanquished

Notes
Turn   | Place    | Note
-------+----------+-------------------------------------------
     0 | D:1      | Knicklaso the Troll Monk began the quest for the Orb.
     0 | D:1      | Reached XP level 1. HP: 22/22 MP: 0/0
   153 | D:1      | Reached XP level 2. HP: 29/29 MP: 1/1
   492 | D:1      | Reached skill level 4 in Unarmed Combat
   592 | D:2      | Reached XP level 3. HP: 36/36 MP: 2/2
   726 | D:2      | Found a runed door.
   990 | D:2      | Noticed Crazy Yiuf
  1001 | D:2      | Killed Crazy Yiuf
  1144 | D:2      | Reached XP level 4. HP: 44/44 MP: 3/3
  1207 | D:2      | Reached skill level 5 in Unarmed Combat
  1476 | D:3      | Noticed a centaur
  1487 | D:3      | Killed a centaur
  1487 | D:3      | Reached XP level 5. HP: 24/50 MP: 4/4
  1663 | D:3      | Reached skill level 6 in Unarmed Combat
  2086 | D:3      | Noticed a phantom
  2112 | D:4      | Reached XP level 6. HP: 53/59 MP: 5/5
  2163 | D:4      | Reached skill level 7 in Unarmed Combat
  2782 | D:4      | Paralysed by fainting for 6 turns
  2822 | D:5      | Entered Level 5 of the Dungeon
  2822 | D:5      | Noticed Edmund
  2841 | D:5      | Succumbed to Edmund's poison

Skill      XL: |  1  2  3  4  5  6 |
---------------+-------------------+-----
Unarmed Combat | 4 5 6 7 |  7.9
Fighting       | |  2.4
Dodging        | |  2.4
Stealth        | |  1.0

Action                   |  1- 3 |  4- 6 || total
-------------------------+-------+-------++-------
Melee: Unarmed           |    56 |   138 ||   194
       Punch             |     1 |     4 ||     5
 Stab: Sleeping          |     1 |     2 ||     3
  Eat: Chunk             |    10 |    10 ||    20
       Royal jelly       |       |     1 ||     1
Armor: Robe              |    16 |    30 ||    46
Dodge: Dodged            |    22 |    46 ||    68
